 Dungeon Crawl Stone Soup version 0.24-a0-513-g284f782df5 (webtiles) character file.

Game seed: 13146169385811549904

136 GameOver the Conjurer (level 5, -9/42 HPs)
             Began as a Naga Wizard on July 20, 2019.
             Mangled by Grinder (10 damage)
             ... while paralysed by Grinder
             ... on level 3 of the Dungeon.
             The game lasted 00:09:27 (1565 turns).

GameOver the Conjurer (Naga Wizard)                 Turns: 1565, Time: 00:09:28

Health: -9/42      AC:  2    Str:  9    XL:     5   Next: 19%
Magic:  5/9        EV:  1    Int: 19    God:
Gold:   96         SH:  0    Dex: 10    Spells: 1/10 levels left

rFire    . . .     SeeInvis +   k - +0 short sword
rCold    . . .     Gourm    .   (no shield)
rNeg     . . .     Faith    .   a - +0 robe
rPois    +         Spirit   .   b - +0 hat
rElec    .         Reflect  .   (no cloak)
rCorr    .         Harm     .   (no gloves)
MR       .....                  (no barding)
Stlth    ++........             s - amulet of magic regeneration
HPRegen  0.14/turn              (no ring)
MPRegen  0.36/turn              (no ring)

@: paralysed, very slightly contaminated, very slow
A: large, see invisible, deformed body, poison resistance, slowness 2, slow
metabolism 1, spit poison 1, AC +1
a: Spit Poison


You were on level 3 of the Dungeon.
You were hungry.

You visited 1 branch of the dungeon, and saw 3 of its levels.

You collected 96 gold pieces.

Inventory:

Hand Weapons
 k - a +0 short sword (weapon)
 q - a +0 flail
Armour
 a - a +0 robe (worn)
 b - a +0 hat (worn)
Jewellery
 e - an uncursed ring of fire
 s - an amulet of magic regeneration (around neck)
Scrolls
 c - 2 scrolls of identify {unknown}
 f - a scroll of blinking {unknown}
 g - 4 scrolls of remove curse {unknown}
 o - a scroll of amnesia {unknown}
 p - 2 scrolls of noise {unknown}
 r - a scroll of teleportation {unknown}
Potions
 h - 2 potions of might {unknown}
 i - a potion of invisibility {unknown}
 j - a potion of magic {unknown}
 l - 2 potions of haste {unknown}
 n - 2 potions of curing {unknown}
 t - a potion of lignification {unknown}
Comestibles
 d - 7 rations
 m - 5 chunks of flesh


   Skills:
 - Level 1.5 Dodging
 - Level 3.0 Stealth
 - Level 3.0 Spellcasting
 + Level 4.9 Conjurations
   Level 1.0 Summonings
 - Level 1.0 Translocations


You had one spell level left.
You knew the following spells:

 Your Spells              Type           Power        Failure   Level  Hunger
a - Magic Dart            Conj           ###.         1%          1    None
b - Blink                 Tloc           N/A          16%         2    ##.....
d - Mephitic Cloud        Conj/Pois/Air  #.......     24%         3    ###....
f - Conjure Flame         Conj/Fire      ##......     17%         3    ###....

Your spell library contained the following spells:

 Spells                   Type           Power        Failure   Level  Hunger
 Call Imp                 Summ           #.......     16%         2    ##.....
 Slow                     Hex            #.......     22%         2    ##.....


Dungeon Overview and Level Annotations

Branches:
Dungeon (3/15)

Altars:

Annotations:
D:3 Grinder, Robin


Innate Abilities, Weirdness & Mutations

You cannot wear boots.
Your serpentine skin is tough. (AC +1)
You have supernaturally acute eyesight. (SInv)
Armour fits poorly on your strangely shaped body.
Your system is resistant to poisons. (rPois)
You cover ground very slowly.
You have a slow metabolism.
You can spit poison.


Message History

Unknown command.
Unknown command.
Casting: Blink (safe; 16% risk of failure)
Confirm with . or Enter, or press ? or * to list all spells.
You blink.
Robin says, "Feeling lonely?"
Unknown command.
Grinder says, "Don't move a muscle."
Grinder gestures at you.
You suddenly lose the ability to move!
Grinder hits you.
You writhe in agony.
A goblin comes into view.
Grinder hits you!
* * * LOW HITPOINT WARNING * * *
Grinder hits you.
* * * LOW HITPOINT WARNING * * *
You writhe in agony.
* * * LOW HITPOINT WARNING * * *
Grinder hits you!
You die...

#.#.....)..g.g
#.#####.#
#......g..# #.#
###.#####.# #g# #.#
#.........# #5# #.#
#.#.####### #.# #.#
#.#.# #.# #.# #.#.#
#.######## #.# #.#.#
#..)(g.gg###.###.#.#
########g5@......#.#
#####.#####.#
#.......# #########


You could see Grinder, Robin, a hobgoblin and 2 goblins.

Vanquished Creatures
  An iguana (D:3)
  A gnoll (D:2)
  4 adders
  2 dart slugs (D:1)
  An orc (D:3)
  A giant cockroach (D:2)
  8 goblins
  12 hobgoblins
  A ball python skeleton (D:2)
  9 bats
  5 frilled lizards
  6 kobolds
  9 rats
60 creatures vanquished.

Notes
Turn   | Place    | Note
-------+----------+-------------------------------------------
     0 | D:1      | GameOver the Naga Wizard began the quest for the Orb.
     0 | D:1      | Reached XP level 1. HP: 15/15 MP: 4/4
   130 | D:1      | Reached skill level 2 in Conjurations
   130 | D:1      | Reached XP level 2. HP: 11/22 MP: 0/6
   134 | D:1      | Learned a level 2 spell: Blink
   532 | D:1      | Reached XP level 3. HP: 28/28 MP: 5/7
   546 | D:1      | Reached skill level 3 in Conjurations
   623 | D:2      | Learned a level 3 spell: Mephitic Cloud
   846 | D:2      | Reached XP level 4. HP: 36/36 MP: 8/8
   957 | D:2      | Reached skill level 4 in Conjurations
  1351 | D:3      | Learned a level 3 spell: Conjure Flame
  1481 | D:3      | Reached XP level 5. HP: 42/42 MP: 6/9
  1543 | D:3      | Noticed Robin
  1544 | D:3      | Noticed Grinder
  1561 | D:3      | Paralysed by Grinder for 6 turns
  1564 | D:3      | HP: 1/42 [Grinder (6)]
  1565 | D:3      | Mangled by Grinder

Levels and vault maps discovered:
D:1:      lightli_molten_gateway, layout_basic, kennysheep_minor_cross,
          hangedman_decor_push
D:2:      layout_basic, minivault_19, minmay_pentomino_u2
D:3:      layout_loops_ring, first_ration, minmay_fractal_squares_diagonal_5,
          uniq_robin, uniq_grinder

Skill      XL: |  1  2  3  4 |
---------------+-------------+-----
Conjurations   | 2 3 4 |  4.9
Dodging        | |  1.5
Stealth        | |  3.0
Spellcasting   | |  3.0
Summonings     | |  1.0
Translocations | |  1.0

Action                   |  1- 3 |  4- 6 || total
-------------------------+-------+-------++-------
Melee: Mace              |     2 |       ||     2
       Short sword       |       |     1 ||     1
 Cast: Magic Dart        |    31 |    26 ||    57
       Blink             |       |     1 ||     1
 Abil: Spit Poison       |    31 |    25 ||    56
 Stab: Sleeping          |       |     1 ||     1
  Eat: Chunk             |     1 |     3 ||     4
Armor: Robe              |     4 |     5 ||     9
Dodge: Dodged            |     7 |     8 ||    15

Table legend:
 A = Non-vault XP
 B = Vault XP
 C = Vault XP percentage of total XP
 D = Non-vault monster count
 E = Vault monster count
 F = Vault count percentage of total count
                 A         B        C        D         E       F
            +---------+---------+-------+---------+---------+-------
      Total |     171 |      24 |  12.3 |      54 |       6 |  10.0
            +---------+---------+-------+---------+---------+-------
        D:1 |      44 |       0 |   0.0 |      25 |       0 |   0.0
        D:2 |      61 |      16 |  20.8 |      19 |       2 |   9.5
        D:3 |      66 |       8 |  10.8 |      10 |       4 |  28.6
            +---------+---------+-------+---------+---------+-------
